 Dungeon Crawl Stone Soup version 0.24.0-13-gcf9b3192b9 (webtiles) character file.

Game seed: 5834700026853143200, levelgen mode: deterministic

841 no0bjke the Chopper (level 8, -7/46 HPs)
             Began as a Gargoyle Fighter on Nov 5, 2019.
             Was an Initiate of Okawaru.
             Killed from afar by Dowan (19 damage)
             ... with a shard of ice
             ... on level 5 of the Dungeon.
             The game lasted 00:06:39 (3907 turns).

no0bjke the Chopper (Gargoyle Fighter)              Turns: 3907, Time: 00:06:40

Health: -7/46      AC: 20    Str: 23    XL:     8   Next: 0%
Magic:  8/8        EV:  5    Int:  6    God:    Okawaru [......]
Gold:   125        SH:  9    Dex:  9    Spells: 7/7 levels left

rFire    . . .     SeeInvis .   w - +4 long sword of the Median {freeze, +Blink MR+ Int-2}
rCold    . . .     Gourm    .   c - +0 shield
rNeg     + . .     Faith    .   q - +0 chain mail
rPois    ∞         Spirit   .   p - +2 helmet
rElec    +         Reflect  .   x - +0 cloak
rCorr    .         Harm     +   (no gloves)
MR       +....                  h - +0 pair of boots {Fly}
Stlth    ..........             k - amulet of harm
HPRegen  0.15/turn              (no ring)
MPRegen  0.11/turn              (no ring)

@: no status effects
A: negative energy resistance 1, electricity resistance, unbreathing,
petrification resistance, rot immunity, AC +5
a: Renounce Religion, Evoke Blink, Evoke Flight


You were on level 5 of the Dungeon.
You worshipped Okawaru.
Okawaru was noncommittal.
You were not hungry.

You visited 2 branches of the dungeon, and saw 6 of its levels.

You collected 329 gold pieces.
You spent 204 gold pieces at shops.

Inventory:

Hand Weapons
 a - a +0 war axe
 w - the +4 long sword of the Median (weapon) {freeze, +Blink MR+ Int-2}
   (You bought it in a shop on level 4 of the Dungeon)

   It has been specially enchanted to freeze those struck by it, causing extra
   injury to most foes and up to half again as much damage against particularly
   susceptible opponents.
   It can also slow down cold-blooded creatures.
   It affects your intelligence (-2).
   It affects your resistance to hostile enchantments.
   It lets you blink.
Armour
 c - a +0 shield (worn)
 h - a +0 pair of boots of flying (worn)
 p - a +2 helmet (worn)
 q - a +0 chain mail (worn)
 x - a +0 cloak (worn)
Jewellery
 k - an amulet of harm (around neck)
Scrolls
 e - a scroll of random uselessness {unknown}
 g - 2 scrolls of identify {unknown}
 n - a scroll of amnesia {unknown}
 o - 4 scrolls of teleportation {unknown}
 r - 2 scrolls of immolation {unknown}
 u - 2 scrolls of remove curse {unknown}
Potions
 b - a potion of lignification {unknown}
 d - a potion of might
 i - a potion of ambrosia {unknown}
 j - a potion of haste
 m - a potion of resistance {unknown}
 s - 2 potions of curing {unknown}
 t - a potion of heal wounds {unknown}
 v - a potion of cancellation {unknown}
Comestibles
 f - 10 rations
 l - 3 chunks of flesh


   Skills:
 - Level 3.2 Fighting
 * Level 4.4 Long Blades
 - Level 6.6 Axes
 - Level 3.2 Armour
 - Level 3.2 Shields


You had 7 spell levels left.
You didn't know any spells.
Your spell library was empty.

Dungeon Overview and Level Annotations

Branches:
Dungeon (5/15)             Temple (1/1) D:4

Altars:
Cheibriados
Dithmenos
Hepliaklqana
Kikubaaqudgha
Makhleb
Okawaru
Qazlal
Ru
Sif Muna
Trog
Vehumet
Xom
Yredelemnul

Shops:
D:4 (

Annotations:
D:5 Dowan


Innate Abilities, Weirdness & Mutations

You are resistant to torment.
Your stone body is resilient. (AC +5)
You are immune to poison.
You resist negative energy. (rN+)
You are resistant to electric shocks. (rElec)
You can survive without breathing.
You are immune to petrification.
You are immune to rotting.


Message History

You have reached level 8!
You feel stronger.
You start resting.
You hear the brisk rusting of a very distant drain.
You start resting.
You can no longer gain great but temporary skills.
You start resting.
Dowan, Brother of Duvessa comes into view.
He is wielding a +0 dagger and carrying a wand of random effects (15).
Dowan shouts!
Dowan seems to find hidden reserves of power!
Things that are here:
a +2 short sword of distortion; a +0 leather armour You closely miss Dowan.
You block Dowan's attack. Dowan hits you but does no damage.
You slash Dowan! You freeze Dowan.
Dowan is heavily wounded.
You block Dowan's attack.
Dowan points at you and mumbles some strange words.
The shard of ice hits you!
You die...

######## #...#..
#.#.#.# ####.#.#.##
#....#....#####$#
######.#######........
...........#....#######
######.###.#.#@##
#.....#..e#
#.###...#.########## #.
#####........... #.
#...#######. #. #...#
##.## #.# #)#


You could see Dowan.

Vanquished Creatures
  Menkaure (D:5)
  Duvessa (D:5)
  An ogre (D:3)
  A centaur (D:5)
  3 hounds
  Jessica (D:3)
  2 orc wizards (D:3)
  A worker ant (D:4)
  Robin (D:2)
  3 gnolls (D:3)
  8 adders
  2 worms (D:2)
  4 dart slugs
  4 leopard geckos
  18 orcs
  6 giant cockroaches
  16 goblins
  7 hobgoblins
  9 jackals
  8 kobolds
  3 quokkas (D:3)
  A ball python (D:3)
  A ball python skeleton (D:4)
  11 bats
  6 frilled lizards
  9 rats
128 creatures vanquished.

Vanquished Creatures (others)
  A plant (D:2)
1 creature vanquished.

Grand Total: 129 creatures vanquished

Notes
Turn   | Place    | Note
-------+----------+-------------------------------------------
     0 | D:1      | no0bjke the Gargoyle Fighter began the quest for the Orb.
     0 | D:1      | Reached XP level 1. HP: 14/14 MP: 1/1
   103 | D:1      | Reached skill level 2 in Axes
   122 | D:1      | Reached XP level 2. HP: 19/19 MP: 2/2
   377 | D:1      | Reached skill level 3 in Axes
   505 | D:1      | Reached XP level 3. HP: 23/23 MP: 3/3
   764 | D:2      | Found a shadowy altar of Dithmenos.
   797 | D:2      | Reached XP level 4. HP: 25/28 MP: 4/4
   873 | D:2      | Reached skill level 4 in Axes
  1066 | D:2      | Noticed Robin
  1077 | D:2      | Reached XP level 5. HP: 25/32 MP: 5/5
  1094 | D:2      | Killed Robin
  1227 | D:2      | Found a hazy altar of Hepliaklqana.
  1747 | D:3      | Reached skill level 5 in Axes
  1779 | D:3      | Noticed Jessica
  1803 | D:3      | Killed Jessica
  1875 | D:3      | Noticed an ogre
  1894 | D:3      | Killed an ogre
  1894 | D:3      | Reached XP level 6. HP: 24/37 MP: 6/6
  2017 | D:3      | Reached skill level 6 in Axes
  2130 | D:3      | Found a shimmering blue altar of Sif Muna.
  2212 | D:3      | Found a sacrificial altar of Ru.
  2327 | D:3      | Found a stormy altar of Qazlal.
  3115 | D:4      | Found a snail-covered altar of Cheibriados.
  3146 | D:4      | Reached XP level 7. HP: 34/41 MP: 7/7
  3147 | D:4      | Found Cibo's Antique Weapon Shoppe.
  3162 | D:4      | Bought a slimy long sword for 204 gold pieces
  3179 | D:4      | Found a staircase to the Ecumenical Temple.
  3180 | D:4      | Identified the +4 long sword of the Median {freeze, +Blink
                  | MR+ Int-2} (You bought it in a shop on level 4 of the
                  | Dungeon)
  3188 | D:4      | Reached skill level 1 in Long Blades
  3208 | Temple   | Entered the Ecumenical Temple
  3216 | Temple   | Became a worshipper of Warmaster Okawaru
  3640 | D:5      | Entered Level 5 of the Dungeon
  3689 | D:5      | Noticed Duvessa
  3691 | D:5      | Noticed Menkaure
  3703 | D:5      | Killed Menkaure
  3865 | D:5      | Killed Duvessa
  3865 | D:5      | Reached * piety under Okawaru
  3865 | D:5      | Reached XP level 8. HP: 5/46 MP: 8/8
  3904 | D:5      | Noticed Dowan
  3907 | D:5      | Killed from afar by Dowan

Levels and vault maps discovered:
D:1:      wheals_arrival_linesprint, layout_loops_ring
D:2:      layout_basic, nicolae_overflow_crystal_walls, lemuel_crystal_altar,
          serial_bayou, serial_bayou_pond_d, serial_bayou_pond_c,
          serial_bayou_ford_a, serial_bayou_lagoon_a, first_ration, uniq_robin
D:3:      minmay_wonky_spiral, layout_loops_ring, lemuel_blue_sif_altar,
          marbit_many_paths, nicolae_ru_great_annihilating_truth, uniq_jessica
D:4:      layout_loops_cross, kennysheep_slug_shrine, minmay_temple_entry_tees,
          serial_shops, shop_coins, grunt_ministairs_5
D:5:      wad_river_or_something, layout_loops_ring, portal_sewer_entry_e,
          uniq_duvessa, uniq_menkaure
Temple:   eino_temple_lava

Skill      XL: |  1  2  3  4  5  6  7 |
---------------+----------------------+-----
Axes           | 2 3 4 5 6 |  6.6
Long Blades    | 4 |  4.4
Fighting       | |  3.2
Armour         | |  3.2
Shields        | |  3.2

Action                   |  1- 3 |  4- 6 |  7- 9 || total
-------------------------+-------+-------+-------++-------
Melee: War axe           |   106 |   256 |       ||   362
       Long sword        |       |       |    66 ||    66
 Abil: Stop Flying       |     1 |       |       ||     1
 Stab: Paralysed         |       |     4 |       ||     4
  Eat: Chunk             |       |     8 |     3 ||    11
Armor: Scale mail        |    61 |    48 |       ||   109
       Chain mail        |       |   110 |    48 ||   158
Dodge: Dodged            |    33 |    63 |    12 ||   108
Block: Shield            |    63 |   133 |    39 ||   235
       Rpst.: Long sword |       |       |     4 ||     4
